AoeStats
← LMG_Leonardo

Arena

510429700Analyzed
2v2 RM · 2d ago on Oct 1, 2026· 29m 22s· 4 players
Game mode
Random Map
Map size
Medium (4 player)
Population
200
Speed
Normal
Resources
Standard
Victory
Conquest
Starting age
Dark Age
Ending age
Imperial Age
RankedLock teamsTeams togetherTeam positionsShared explorationLock speedFull tech treeHidden civsTurbo modeCheats
Victory
Defeat
🇨🇴 Turks · Colombia
1390
+13
🇺🇸 Persians · United States
1388
+13
🇨🇴 Turks · Colombia
1316
-13
🇨🇴 Cumans · Colombia
1315
-13
LMG_Leonardo
10:25 Feudal Age
11:56 Loom
14:34 Castle Age
12:46 Double-Bit Axe
15:27 Bow Saw
18:25 Horse Collar
21:10 Wheelbarrow
21:01 Bloodlines
22:38 Husbandry
24:12 Heavy Plow
24:40 Scale Barding Armor
24:47 Forging
27:52 Light Cavalry
LMG_SON SABANDIJAS
12:11 Feudal Age
12:53 Double-Bit Axe
12:48 Horse Collar
15:59 Castle Age
20:46 Imperial Age
19:27 Padded Archer Armor
22:14 Leather Archer Armor
Gonpachiro Kamaboko
5:13 Loom
12:31 Feudal Age
17:03 Castle Age
21:51 Imperial Age
20:30 Double-Bit Axe
24:41 Padded Archer Armor
25:18 Bow Saw
mecA blaZ
10:03 Feudal Age
10:38 Double-Bit Axe
17:17 Wheelbarrow
20:52 Castle Age
18:58 Gold Mining
18:55 Horse Collar
19:41 Scale Barding Armor
20:28 Forging
21:04 Bloodlines
22:29 Gold Shaft Mining
23:17 Hand Cart
24:39 Chain Barding Armor
25:43 Iron Casting
27:12 Loom
28:39 Fletching
Connection lost

Rejoining the realm…

Still unreachable

The connection could not be restored.

Session expired

The server has moved on; the page needs a fresh start.